 Dungeon Crawl Stone Soup version 0.21.0 (webtiles) character file.

46 Hekarica the Stinger (level 3, -10/22 HPs)
             Began as an Octopode Venom Mage on May 20, 2018.
             Mangled by Terence
             ... wielding a +5 trident of flaming
              (11 damage)
             ... on level 2 of the Dungeon.
             The game lasted 00:04:41 (1106 turns).

Hekarica the Stinger (Octopode Venom Mage)          Turns: 1106, Time: 00:04:41

Health: -10/22     AC:  1    Str:  8    XL:     3   Next: 68%
Magic:  1/6        EV: 13    Int: 17    God:
Gold:   76         SH:  0    Dex: 12    Spells: 5/6 levels left

rFire    . . .     SeeInvis .   (no weapon)
rCold    . . .     Gourm    .   (no shield)
rNeg     . . .     Faith    .   (helmet restricted)
rPois    .         Spirit   .   (no amulet)
rElec    .         Reflect  .   (no ring)
rCorr    .         Harm     .   (no ring)
MR       .....                  (no ring)
Stlth    +++.......             (no ring)
HPRegen  0.07/turn              (no ring)
MPRegen  0.10/turn              (no ring)
                                (no ring)
                                (no ring)

@: hasted, very quick
A: almost no armour, stealthy swim, amphibious, 8 rings, constrict 8, camouflage
1, gelatinous body 1
a: no special abilities


You were on level 2 of the Dungeon.
You were not hungry.

You visited 1 branch of the dungeon, and saw 2 of its levels.

You collected 76 gold pieces.

Inventory:

Scrolls
 f - 3 scrolls of identify {unknown}
 h - a scroll of fog {unknown}
 k - a scroll of amnesia {unknown}
 l - a scroll of enchant weapon {unknown}
Potions
 c - a potion of haste
 d - a potion of degeneration {unknown}
 e - a potion of agility {unknown}
 g - a potion of brilliance {unknown}
 i - a potion of cancellation {unknown}
 j - a potion of heal wounds {unknown}
Books
 a - a Young Poisoner's Handbook

   Spells                             Type                      Level
   a - Sting                          Conjuration/Poison           1
   b - Poisonous Vapours              Poison/Air                   2
   c - Mephitic Cloud                 Conjuration/Poison/Air       3
   d - Olgreb's Toxic Radiance        Poison                       4
   e - Venom Bolt                     Conjuration/Poison           5
Comestibles
 b - 2 rations


   Skills:
 + Level 0.9 Fighting
 + Level 2.3 Dodging
 + Level 3.3 Stealth
 + Level 0.8 Unarmed Combat
 + Level 2.3 Spellcasting
 - Level 1.1 Conjurations
 - Level 4.0 Poison Magic


You had 5 spell levels left.
You knew the following spells:

 Your Spells              Type           Power        Failure   Level  Hunger
a - Sting                 Conj/Pois      ##..         6%          1    #......


Dungeon Overview and Level Annotations

Branches:
Dungeon (2/15)

Altars:
Ashenzari

Annotations:
D:2 1 runed door, Terence


Innate Abilities, Weirdness & Mutations

You cannot wear most types of armour.
You are very stealthy in the water. (Stealth+)
You are amphibious.
You can wear up to eight rings at the same time.
You can use your tentacles to constrict eight enemies at once.
Your skin changes colour to match your surroundings (Stealth+).
Your rubbery body absorbs attacks. (AC +1, EV +1)


Message History

* * * LOW HITPOINT WARNING * * *
The frilled lizard unfolds its giant frill.
Your magical contamination has completely faded away.
You tentacle-slap Terence but do no damage.
You squeeze Terence, but do no damage.
Terence is lightly wounded.
You constrict Terence, but do no damage.
Terence closely misses you.
You tentacle-slap Terence but do no damage.
You squeeze Terence!
Terence is heavily wounded.
You constrict Terence, but do no damage.
Terence hits you with a trident of flaming.
* * * LOW HITPOINT WARNING * * *
Terence burns you.
* * * LOW HITPOINT WARNING * * *
It was a potion of haste.
You feel yourself speed up.
You constrict Terence.
Terence hits you with a trident of flaming!
Ouch! That really hurt!
You die...

### ###### ..# #....#
#.# #....# ### #.#
#....#
..#####.###....#########
..'.......'....'@@l....$
..#####.###....#####.###
..# #.# #....# ### #.#
#....# #.# #....# ## #.#
###### .# #.#######
.######.#.....###
.†..........†...#


You could see Terence and a frilled lizard.

Vanquished Creatures
  An adder (D:2)
  A worm (D:2)
  3 dart slugs (D:1)
  4 goblins
  A hobgoblin (D:1)
  4 jackals (D:1)
  4 kobolds (D:1)
  A ball python (D:2)
  3 bats
  3 frilled lizards
  3 rats (D:1)
28 creatures vanquished.

Notes
Turn   | Place    | Note
-------+----------+-------------------------------------------
     0 | D:1      | Hekarica the Octopode Venom Mage began the quest for the Orb.
     0 | D:1      | Reached XP level 1. HP: 11/11 MP: 3/3
    86 | D:1      | Reached skill level 4 in Poison Magic
    86 | D:1      | Reached XP level 2. HP: 17/17 MP: 3/5
   150 | D:1      | Found a shattered altar of Ashenzari.
   615 | D:1      | Reached XP level 3. HP: 18/22 MP: 3/6
  1028 | D:2      | Found a runed door.
  1094 | D:2      | Noticed Terence
  1105 | D:2      | HP: 1/22 [Terence/trident of flaming (1)]
  1106 | D:2      | Mangled by Terence

Skill      XL: |  1  2 |
---------------+-------+-----
Poison Magic   | 4 |  4.0
Stealth        | 3 |  3.3
Fighting       | |  0.9
Dodging        | |  2.3
Unarmed Combat | |  0.8
Spellcasting   | |  2.3
Conjurations   | |  1.1

Action                   || total
-------------------------++-------
Melee: Unarmed           ||    29
       Constrict         ||    10
       Tentacles         ||    10
 Cast: Sting             ||    44
  Use: Potion            ||     1
  Eat: Ration            ||     1
Armor: Skin              ||     1
Dodge: Dodged            ||    12
